 Dungeon Crawl Stone Soup version 0.20.2-3-g29329e0561 (webtiles) character file.

217 Alfie the Shield-Bearer (level 5, -2/47 HPs)
             Began as a Minotaur Fighter on Sept 7, 2020.
             Slain by Edmund
             ... wielding a +1 flail of pain
              (7 damage)
             ... on level 4 of the Dungeon.
             The game lasted 00:06:40 (1926 turns).

Alfie the Shield-Bearer (Minotaur Fighter)          Turns: 1926, Time: 00:06:41

Health: -2/47      AC:  7    Str: 22    XL:     5   Next: 62%
Magic:  4/4        EV:  8    Int:  5    God:
Gold:   33         SH: 12    Dex:  9    Spells: 4/4 levels left

rFire    + . .     SeeInvis .   a - +1 long sword
rCold    x . .     Gourm    .   c - +0 shield
rNeg     . . .     Faith    .   b - +0 scale mail
rPois    .         Spirit   .   (helmet unavailable)
rElec    .         Reflect  +   (no cloak)
rCorr    .         Harm     .   (no gloves)
MR       .....                  (no boots)
Stlth    ..........             k - +2 amulet of reflection
Regen    0.2/turn               r - ring of fire
MPRegen  0.1/turn               (no ring)

@: no status effects
A: retaliatory headbutt, horns 3, subdued magic 1
a: no special abilities


You were on level 4 of the Dungeon.
You were not hungry.

You visited 1 branch of the dungeon, and saw 4 of its levels.

You collected 151 gold pieces.
You spent 118 gold pieces at shops.

Inventory:

Hand Weapons
 a - a +1 long sword (weapon)
Armour
 b - a +0 scale mail (worn)
 c - a +0 shield (worn)
Jewellery
 k - a +2 amulet of reflection (around neck)
 m - an uncursed ring of positive energy
 p - an uncursed amulet of guardian spirit {unknown}
 r - a ring of fire (left hand)
Scrolls
 d - a scroll of identify
 h - a scroll of recharging
 i - 4 scrolls of teleportation
Potions
 e - a potion of degeneration
 l - a potion of experience {unknown}
 o - a potion of curing
Comestibles
 f - 3 bread rations
 g - 3 meat rations
 j - 2 royal jellies


   Skills:
 + Level 4.4 Fighting
 + Level 4.4 Long Blades
 + Level 4.4 Armour
 + Level 1.2 Dodging
 + Level 5.2 Shields


You had 4 spell levels left.
You didn't know any spells.

Dungeon Overview and Level Annotations

Branches:
Dungeon (4/15)
 Temple: D:4-7

Altars:
Fedhas
Trog
Zin

Shops:
D:4 *

Annotations:
D:4 Edmund


Innate Abilities, Weirdness & Mutations

You reflexively headbutt those who attack you in melee.
You have a pair of large horns on your head.
Your spells are a little easier to cast, but a little less powerful.


Message History

You furiously retaliate!
You headbutt the gnoll!
You riposte.
You slash the gnoll!
You kill the gnoll!
The gnoll hits you.
You slash Edmund!
Edmund is lightly wounded.
Edmund hits you but does no damage. The gnoll hits you with a whip.
* * * LOW HITPOINT WARNING * * *
Edmund hits you with a flail of pain!
* * * LOW HITPOINT WARNING * * *
You block the gnoll's attack. The gnoll closely misses you.
You riposte.
You slash the gnoll!
You kill the gnoll!
You barely miss Edmund. Your headbutt misses Edmund.
Edmund is lightly wounded.
You block Edmund's attack. You block the gnoll's attack.
You barely miss Edmund.
Edmund is lightly wounded.
Edmund hits you with a flail of pain!
You die...

#...........#........#.........
#...........#..................
#.<......................##<...
##..†.....###........... #....
##.†....## #........... ##...
######## #........... #..
##.......#... .. #.....#..#...
.. #..@g.#..# ## .. #.)@.....#
. #......#.# #..........
#.#...###.. #.#.... . .......#
.....##..


You could see Edmund and a gnoll.

Vanquished Creatures
  2 orc wizards (D:4)
  A hound skeleton (D:4)
  Robin (D:4)
  3 gnolls (D:4)
  5 adders
  A worm (D:2)
  A dart slug (D:1)
  5 orcs
  2 ball pythons
  4 bats
  2 giant cockroaches
  13 goblins
  5 hobgoblins
  3 jackals (D:4)
  A quokka (D:3)
  3 frilled lizards
  3 kobolds
  5 rats
60 creatures vanquished.

Notes
Turn   | Place    | Note
-------+----------+-------------------------------------------
     0 | D:1      | Alfie the Minotaur Fighter began the quest for the Orb.
     0 | D:1      | Reached XP level 1. HP: 19/19 MP: 0/0
   371 | D:1      | Reached skill level 4 in Shields
   392 | D:1      | Reached XP level 2. HP: 26/27 MP: 1/1
   833 | D:2      | Reached XP level 3. HP: 33/33 MP: 2/2
   932 | D:2      | Found a bloodstained altar of Trog.
  1085 | D:2      | Found a blossoming altar of Fedhas.
  1401 | D:3      | Reached XP level 4. HP: 40/40 MP: 3/3
  1411 | D:3      | Found Zin's Purification Station.
  1414 | D:3      | Found a glowing silver altar of Zin.
  1426 | D:3      | Bought a potion of curing for 90 gold pieces
  1757 | D:4      | Gained mutation: Your spells are a little easier to cast, but a little less powerful. [potion of mutation]
  1757 | D:4      | Gained mutation: You have a pair of large horns on your head. [potion of mutation]
  1826 | D:4      | Found Desatrast's General Store.
  1829 | D:4      | Reached skill level 5 in Shields
  1837 | D:4      | Noticed Robin
  1848 | D:4      | Reached XP level 5. HP: 16/47 MP: 4/4
  1852 | D:4      | Killed Robin
  1860 | D:4      | Reached skill level 1 in Dodging
  1885 | D:4      | Bought a scroll of identify for 28 gold pieces
  1919 | D:4      | Noticed Edmund
  1926 | D:4      | Slain by Edmund

Skill      XL: |  1  2  3  4  5 |
---------------+----------------+-----
Shields        | 4 5 |  5.2
Fighting       | 4 |  4.4
Armour         | 4 |  4.4
Long Blades    | 3 4 |  4.4
Dodging        | 1 |  1.2

Action                   |  1- 3 |  4- 6 || total
-------------------------+-------+-------++-------
Melee: Long sword        |    73 |    64 ||   137
       Headbutt          |    11 |     2 ||    13
  Use: Scroll            |     6 |     2 ||     8
       Potion            |     2 |     5 ||     7
  Eat: Royal jelly       |     1 |       ||     1
       Fruit             |     1 |       ||     1
       Bread ration      |       |     1 ||     1
Armor: Scale mail        |    29 |    44 ||    73
Dodge: Dodged            |    19 |    26 ||    45
Block: Shield            |    43 |    86 ||   129
       Reflection        |     1 |     1 ||     2
       Rpst.: Long sword |     6 |     9 ||    15
